 Dungeon Crawl Stone Soup version 0.29.1-1-gd02db6906a (webtiles) character file.

Game seed: 17614237353542949890

278 Aibolit the Trooper (level 6, -1/56 HPs)
             Began as a Hill Orc Fighter on Oct 7, 2022.
             Slain by a gnoll sergeant
             ... wielding a +3 vampiric trident
              (11 damage)
             ... on level 4 of the Dungeon.
             The game lasted 00:08:34 (3584 turns).

Aibolit the Trooper (Hill Orc Fighter)              Turns: 3584, Time: 00:08:34

Health: -1/56      AC:  9    Str: 21    XL:     6   Next: 26%
Magic:  0/6        EV:  9    Int:  8    God:
Gold:   76         SH:  4    Dex: 10    Spells: 5/5 levels left

rFire   . . .      SeeInvis .   l - +1 hand axe of Incongruity {vorpal, rC+ rCorr}
rCold   + . .      Faith    .   c - +0 buckler
rNeg    . . .      Spirit   +   b - +0 scale mail
rPois   .          Reflect  .   m - +0 helmet
rElec   .          Harm     .   (no cloak)
rCorr   +          Rampage  .   o - +0 pair of gloves
Will    .....                   (no boots)
Stlth   ..........              i - amulet of guardian spirit
HPRegen 0.18/turn               (no ring)
MPRegen 0.10/turn               (no ring)

@: no status effects
A: no striking features
a: no special abilities


You were on level 4 of the Dungeon.
You visited 1 branch of the dungeon, and saw 4 of its levels.

You collected 76 gold pieces.

Inventory:

Hand Weapons
 l - the +1 hand axe of Incongruity (weapon) {vorpal, rC+ rCorr}
   (You found it on level 2 of the Dungeon)

   It inflicts extra damage upon your enemies.
   rC:        It protects you from cold.
   rCorr:     It protects you from acid and corrosion.
Armour
 b - a +0 scale mail (worn)
 c - a +0 buckler (worn)
 m - a +0 helmet (worn)
 o - a +0 pair of gloves (worn)
Jewellery
 i - an amulet of guardian spirit (around neck)
Scrolls
 h - a scroll of immolation
 n - a scroll of brand weapon
 q - a scroll of noise
Potions
 k - a potion of lignification


   Skills:
 + Level 5.1 Fighting
 + Level 4.8 Axes
 + Level 4.7 Armour
 + Level 4.6 Shields


You had 5 spell levels left.
You didn't know any spells.
Your spell library contained the following spells:

 Spells                   Type           Power      Damage    Failure   Level
 Blink                    Tloc           0%         N/A       92%         2
 Conjure Flame            Conj/Fire      0%         6-21      99%         3
 Ignite Poison            Fire/Tmut/Pois 0%         N/A       99%         3
 Sticky Flame             Conj/Fire      0%         2d3       100%        4
 Manifold Assault         Tloc           0%         N/A       100%        5
 Storm Form               Tmut/Air       0%         N/A       100%        7


Dungeon Overview and Level Annotations

Branches:
Dungeon (4/15)
 Temple: D:4-7

Altars:
Dithmenos
Qazlal
Sif Muna


Message History

Okay, then.
You are too injured to fight recklessly!
You are too injured to fight recklessly!
You barely miss the gnoll sergeant.
The gnoll sergeant is lightly wounded.
You block the gnoll sergeant's attack.
Really quaff the potion of lignification?
Okay, then.
You closely miss the gnoll sergeant.
The gnoll sergeant is lightly wounded.
The gnoll sergeant hits you with a +3 vampiric trident!
* * * LOW HITPOINT WARNING * * *
Really quaff the potion of lignification? [Y]es or [N]o only, please.
Really quaff the potion of lignification?
Okay, then.
You feel better.
The gnoll sergeant hits you with a +3 vampiric trident.
* * * LOW HITPOINT WARNING * * *
The gnoll sergeant draws strength from your wounds!
Unknown command.
Really quaff the potion of lignification? [Y]es or [N]o only, please.
Really quaff the potion of lignification? [Y]es or [N]o only, please.
Really quaff the potion of lignification? [Y]es or [N]o only, please.
Really quaff the potion of lignification? [Y]es or [N]o only, please.
Really quaff the potion of lignification? [Y]es or [N]o only, please.
Really quaff the potion of lignification? [Y]es or [N]o only, please.
Really quaff the potion of lignification? [Y]es or [N]o only, please.
Really quaff the potion of lignification?
Okay, then.
You hit the gnoll sergeant but do no damage.
The gnoll sergeant hits you with a +3 vampiric trident!
You die...

....## .....###
###### ..P....#
#(...#### ...P...#
#....#$.# .P.P...#
#....#..#
...P...####....#..#
..PP.###..#....#..#
PP........#....#..#
..........'....g@.#
.####.##..#....#..#
.. #+##..#....#..#
.. #......#########
. +.......# .
######+##


You could see a gnoll sergeant.

Vanquished Creatures
  2 scorpions (D:4)
  Terence (D:2)
  Robin (D:2)
  4 gnolls
  An adder (D:2)
  2 worms (D:2)
  8 endoplasms
  3 giant cockroaches
  13 goblins
  7 hobgoblins
  2 jackals (D:3)
  4 ball pythons
  2 bats
  7 frilled lizards
  13 kobolds
  5 rats
75 creatures vanquished.

Vanquished Creatures (others)
  8 plants
8 creatures vanquished.

Grand Total: 83 creatures vanquished

Notes
Turn   | Place    | Note
-------+----------+-------------------------------------------
     0 | D:1      | Aibolit the Hill Orc Fighter began the quest for the Orb.
     0 | D:1      | Reached XP level 1. HP: 19/19 MP: 1/1
   139 | D:1      | Reached XP level 2. HP: 24/27 MP: 2/2
   296 | D:1      | Reached skill level 4 in Fighting
   298 | D:1      | Reached XP level 3. HP: 11/33 MP: 3/3
   999 | D:1      | Found a faded altar of an unknown god.
  1347 | D:2      | Identified the +1 hand axe of Incongruity {vorpal, rC+
                  | rCorr}
  1665 | D:2      | Reached XP level 4. HP: 18/40 MP: 1/4
  1782 | D:2      | Noticed Robin
  2034 | D:2      | Noticed Terence
  2052 | D:2      | Killed Terence
  2234 | D:2      | Killed Robin
  2252 | D:2      | Reached XP level 5. HP: 35/47 MP: 5/5
  2411 | D:2      | Found a shimmering blue altar of Sif Muna.
  3047 | D:3      | You fall into a shaft and drop 1 floor!
  3071 | D:4      | Found a shadowy altar of Dithmenos.
  3285 | D:4      | Found a stormy altar of Qazlal.
  3338 | D:4      | Reached skill level 5 in Fighting
  3338 | D:4      | Reached XP level 6. HP: 47/56 MP: 3/6
  3584 | D:4      | Slain by a gnoll sergeant

Illustrated notes

Levels and vault maps discovered:
D:1:      roderic_octagonal_star, layout_loops_ring,
          nicolae_ecumenical_lake_church, minivault_25, st_stairs_6,
          lexackson_kobold_supper
D:2:      layout_basic, basic_altar, palyth_stone_intersect, minmay_liquid_box,
          uniq_terence, uniq_robin
D:3:      layout_basic, skrybe_limestone_x
D:4:      layout_gridville, nicolae_dithmenos_shadow_blocks,
          mainiacjoe_overflow_concentric_impassable, ebering_ghost_sewer_f,
          serial_shops, shop, shop, kennysheep_little_box, nicolae_shop_stone,
          wad_floor_pattern_untrapped, nicolae_grassy_gnolls, uniq_natasha

Skill      XL: |  1  2  3  4  5 |
---------------+----------------+-----
Axes           | 3 4 |  4.8
Fighting       | 4 5 |  5.1
Armour         | 4 |  4.7
Shields        | 4 |  4.6

Action                   |  1- 3 |  4- 6 || total
-------------------------+-------+-------++-------
Melee: War axe           |    56 |       ||    56
       Hand axe          |    40 |   125 ||   165
  Use: Scroll            |     4 |     9 ||    13
       Potion            |       |     7 ||     7
Armor: Scale mail        |    48 |    44 ||    92
Dodge: Dodged            |    59 |    40 ||    99
Block: Buckler           |    25 |    15 ||    40
